 Dungeon Crawl Stone Soup version 0.30-a0-1043-g60ff8d5f49 (webtiles) character file.

Game seed: 16883778636244173488

7394 quinnr the Zephyrmancer (level 11, -4/141 HPs)
             Began as a Naga Air Elementalist on Apr 10, 2023.
             Was a Priest of Cheibriados.
             Slain by a snapping turtle (16 damage)
             ... on level 11 of the Dungeon.
             The game lasted 00:31:05 (13010 turns).

quinnr the Zephyrmancer (Naga Air Elementalist)    Turns: 13010, Time: 00:31:06

Health: -4/141     AC: 15    Str: 19    XL:     11   Next: 14%
Magic:  20/26      EV: 14    Int: 27    God:    Cheibriados [***...]
Gold:   438        SH:  0    Dex: 20    Spells: 9/18 levels left

rFire   . . .      SeeInvis +    u - +1 dagger (drain)
rCold   . . .      Faith    .    (no shield)
rNeg    . . .      Spirit   .    A - +1 acid dragon scales
rPois   +          Reflect  .    l - +0 helmet
rElec   .          Rampage  .    (no cloak)
rCorr   +                        I - +0 pair of gloves
Will    +....                    T - +0 barding Stlth
                                 y - amulet of magic regeneration
HPRegen 0.43/turn                M - ring of magical power
MPRegen 0.60/turn                E - +5 ring of evasion

@: berserking (expiring), very slow
A: AC +3, large, see invisible, deformed body, poison resistance, slowness 2,
spit poison 1, naga tail 1
a: Spit Poison, Renounce Religion, Bend Time, Temporal Distortion


You were on level 11 of the Dungeon.
You worshipped Cheibriados.
Cheibriados was most pleased with you.
You visited 1 branch of the dungeon, and saw 13 of its levels.

You collected 578 gold pieces.
You spent 140 gold pieces at shops.


Innate Abilities, Weirdness & Mutations

Your serpentine skin is tough. (AC +3)
You have supernaturally acute eyesight. (SInv)
Armour fits poorly on your strangely shaped body.
Your system is resistant to poisons. (rPois)
You cover ground very slowly.
You can spit poison.
You have a snake-like lower body.


   Skills:
 - Level 5.0 Fighting
 - Level 3.0 Armour
 - Level 4.0 Dodging
 - Level 5.0 Stealth
 - Level 4.0 Spellcasting
 - Level 4.0 Conjurations
 + Level 11.6 Air Magic
 - Level 7.0 Invocations
 - Level 4.0 Evocations


You had 9 spell levels left.
You knew the following spells:

 Your Spells              Type           Power      Damage    Failure   Level
a - Airstrike             Air            31%        2d(5-21)  1%          4
p - Poisonous Vapours     Pois/Air       72%        N/A       1%          2
t - Static Discharge      Conj/Air       94%        2-6/arc   1%          2
z - Shock                 Conj/Air       100%       1d9       1%          1

Your spell library contained the following spells:

 Spells                   Type           Power      Damage    Failure   Level
 Swiftness                Air            62%        N/A       1%          3
 Sting                    Tmut/Pois      20%        1d4       10%         1
 Gell's Gravitas          Tloc           5%         N/A       30%         3
 Teleport Other           Tloc           5%         N/A       30%         3
 Olgreb's Toxic Radiance  Pois           5%         N/A       69%         4
 Dispersal                Tloc           2%         N/A       100%        6

Inventory:

Hand Weapons
 u - a +1 dagger of draining (weapon)
 R - the +10 falchion "Faf Zeni" {antimagic, rC+}
   (You found it on level 10 of the Dungeon)

   rC:        It protects you from cold.
Armour
 a - a +0 robe
 l - a +0 helmet (worn)
 A - +1 acid dragon scales (worn)
 I - a +0 pair of gloves (worn)
 T - a +0 barding (worn)
Jewellery
 f - a ring of protection from fire
 y - an amulet of magic regeneration (around neck)
 C - a ring of ice
 E - a +5 ring of evasion (right hand)
 F - a ring of fire
 J - an amulet of guardian spirit
 L - a ring of flight
 M - a ring of magical power (left hand)
 P - an amulet of reflection
 Y - a +4 ring of slaying
Wands
 j - a wand of polymorph (6)
 H - a wand of digging (9)
 K - a wand of flame (7)
 N - a wand of charming (5)
 Q - a wand of acid (4)
Scrolls
 c - 3 scrolls of poison {unknown}
 d - 6 scrolls of fear {unknown}
 k - 9 scrolls of teleportation {@r2}
 m - a scroll of amnesia
 p - a scroll of noise {unknown}
 q - a scroll of silence {unknown}
 s - a scroll of immolation
 B - 2 scrolls of vulnerability {unknown}
 G - 2 scrolls of fog {unknown}
 O - a scroll of blinking {unknown}
Potions
 b - 2 potions of magic
 e - 3 potions of degeneration
 g - 3 potions of might
 h - a potion of resistance
 i - 2 potions of mutation
 n - 2 potions of haste {@q3}
 o - a potion of cancellation
 r - 2 potions of invisibility
 t - 2 potions of curing {@q1}
 v - a potion of attraction
 w - 3 potions of flight
 x - a potion of berserk rage {!q}
 z - a potion of lignification
 D - a potion of brilliance
 S - a potion of ambrosia {unknown}

Dungeon Overview and Level Annotations

Branches:
Dungeon (13/15)            Temple (0/1) D:6            Lair (0/5) D:8
    Orc: D:9-12      Vaults: D:13-14

Altars:
Ashenzari
Cheibriados
Dithmenos
Hepliaklqana
Kikubaaqudgha
Qazlal
Uskayaw
Vehumet
Xom
Yredelemnul
Zin

Shops:
D:4

** ......#......▒▒
.##...........▒ .. .## .
###.........▒▒ ▒.# ....
. ##.........▒ .. ##....
. #...##....▒▒
▒▒.###..... ##......#..▒
▒..#.....
#.........▒▒▒.##...##
##.........▒...#....##..
##.......@▒t.....=.....
#....##...tt....#......
#.... ######...#.....!.
#... ##.>#....... #...
#####...... ......
....J. ###.


You could see 2 snapping turtles.


Message History

You hit the snapping turtle but do no damage.
You drain the snapping turtle.
The snapping turtle is severely wounded.
The snapping turtle bites you but does no damage.
The snapping turtle hisses angrily.
You hit the snapping turtle but do no damage.
The snapping turtle is moderately wounded.
The snapping turtle bites you from afar.
* * * LOW HITPOINT WARNING * * *
You hit the snapping turtle.
The snapping turtle is moderately wounded.
The snapping turtle bites you!
* * * LOW HITPOINT WARNING * * *
The snapping turtle bites you from afar.
* * * LOW HITPOINT WARNING * * *
You hit the snapping turtle.
The snapping turtle is heavily wounded.
The snapping turtle barely misses you.
The snapping turtle bites you but does no damage.
You puncture the snapping turtle!
The snapping turtle is heavily wounded.
The snapping turtle looks more healthy.
The snapping turtle closely misses you.
The snapping turtle bites you but does no damage.
You are too berserk!
You hit the snapping turtle.
The snapping turtle is severely wounded.
The snapping turtle bites you.
* * * LOW HITPOINT WARNING * * *
The snapping turtle bites you from afar!
You die...

Skill      XL: |  1  2  3  4  5  6  7  8  9 10 |
---------------+-------------------------------+-----
Stealth        | 4 5 |  5.0
Fighting       | 1 2 3 5 |  5.0
Conjurations   | 2 4 |  4.0
Air Magic      | 4 5 6 8 9 11 | 11.6
Dodging        | 2 3 4 |  4.0
Evocations     | 2 4 |  4.0
Invocations    | 4 7 |  7.0
Spellcasting   | 4 |  4.0
Armour         | 1 3 |  3.0

Action                     |  1- 3 |  4- 6 |  7- 9 | 10-12 || total
---------------------------+-------+-------+-------+-------++-------
  Melee: Unarmed           |    25 |    29 |       |       ||    54
         Punch             |     1 |       |       |       ||     1
         Dagger            |       |     3 |    27 |     6 ||    36
   Cast: Shock             |    39 |   176 |    85 |     6 ||   306
         Static Discharge  |       |     8 |    15 |     9 ||    32
         Airstrike         |       |       |    53 |    76 ||   129
         Poisonous Vapours |       |       |       |    47 ||    47
Ability: Spit Poison       |     5 |    12 |     5 |       ||    22
  Evoke: Wand              |       |       |       |     8 ||     8
    Use: Potion            |     2 |     2 |     2 |     1 ||     7
         Scroll            |     1 |     8 |     1 |     5 ||    15
   Stab: Invisible         |       |     1 |       |       ||     1
 Armour: Robe              |     1 |    24 |    18 |       ||    43
         Skin              |     1 |       |       |       ||     1
         Acid dragon scale |       |       |     2 |    28 ||    30
  Dodge: Dodged            |    16 |    38 |    66 |   104 ||   224

Levels and vault maps discovered:
D:1:      saegor_arrival_simple_e, layout_basic, serial_glass, glass_columns_b,
          glass_columns_b, glass_columns_c
D:2:      layout_loops_corners, uniq_robin, uniq_jessica
D:3:      layout_loops_cross, mainiacjoe_overflow_surrounded_room,
          minmay_statues_item, minivault_24, serial_park_tiny_2
D:4:      minmay_chambers_of_twos, layout_loops_ring,
          mainiacjoe_overflow_catwalk, nicolae_overflow_crystal_walls,
          grunt_dithmenos_smoke, serial_shops,
          nicolae_shop_temple_entry_statues_fountains, guppyfry_shop_venom
D:5:      minmay_angry_zag, layout_cave_pools
D:6:      layout_loops_corners, grunt_temple_overflow_open,
          minmay_temple_entry_glass, lemuel_flame_loot_1
D:7:      layout_basic, uniq_maggie, uniq_joseph
D:8:      layout_gridville, mainiacjoe_overflow_alcove_4, erik_lair_island
D:9:      layout_grid_maze, abandoned_shop, kennysheep_small_circle
D:10:     layout_basic, lemuel_round_altar
D:11:     minmay_the_grid_four_pointed_star_mashed
          [minmay_the_grid_triangle_9x9_tough_junction,
          minmay_the_grid_triangle_9x9_corrupted_corridor,
          minmay_the_grid_triangle_9x9_subtriangle,
          minmay_the_grid_triangle_9x9_shrine, minmay_the_grid_prize_trominoes],
          layout_cave_pools, serial_shops, nicolae_shop_behind_doors
D:12:     layout_roguey, david_orc_5
D:13:     layout_layer_cave, grunt_vaults_entry_fortified, special_room
          [special_room_orc], uniq_lodul

Notes
Turn   | Place    | Note
-------+----------+-------------------------------------------
     0 | D:1      | quinnr the Naga Air Elementalist began the quest for the
                  | Orb.
     0 | D:1      | Reached XP level 1. HP: 15/15 MP: 3/3
   267 | D:1      | Reached skill level 4 in Stealth
   455 | D:1      | Reached XP level 2. HP: 8/22 MP: 1/5
   459 | D:1      | HP: 1/33 [jackal (3)]
   978 | D:2      | Noticed Jessica
   987 | D:2      | Identified 2 potions of resistance
   988 | D:2      | Killed Jessica
   989 | D:2      | Reached skill level 5 in Stealth
   989 | D:2      | Reached XP level 3. HP: 15/30 MP: 2/6
   991 | D:2      | Reached skill level 1 in Fighting
  1431 | D:2      | Reached XP level 4. HP: 38/38 MP: 3/7
  1558 | D:2      | Reached skill level 2 in Conjurations
  1811 | D:2      | Noticed Robin
  1823 | D:2      | Learned a level 2 spell: Static Discharge
  1835 | D:2      | Killed Robin
  2153 | D:2      | Reached skill level 4 in Air Magic
  2624 | D:3      | Found a stormy altar of Qazlal.
  3378 | D:4      | Reached XP level 5. HP: 38/44 MP: 2/8
  3487 | D:4      | Found a shimmering altar of Xom.
  3652 | D:4      | Found a basalt altar of Yredelemnul.
  3797 | D:4      | Found Xaugic's Assorted Antiques.
  3813 | D:4      | Bought a scroll of identify for 40 gold pieces
  3813 | D:4      | Bought a notched glass ring for 100 gold pieces
  3966 | D:4      | Found a shadowy altar of Dithmenos.
  4228 | D:4      | Found Basoo's Serpentskin Sales.
  4228 | D:4      | Noticed a water moccasin
  4234 | D:4      | HP: 2/44 [water moccasin (8)]
  4239 | D:4      | Killed a water moccasin
  4240 | D:4      | Reached skill level 5 in Air Magic
  4240 | D:4      | Reached XP level 6. HP: 13/51 MP: 2/9
  4476 | D:4      | Learned a level 4 spell: Airstrike
  4566 | D:4      | Reached skill level 6 in Air Magic
  5107 | D:5      | Entered Level 5 of the Dungeon
  5112 | D:5      | Reached skill level 2 in Dodging
  5283 | D:5      | Reached skill level 2 in Fighting
  5456 | D:4      | Reached XP level 7. HP: 27/60 MP: 9/10
  5758 | D:5      | HP: 6/61 [gnoll/+0 spear[a gnoll bouda] (4)]
  6050 | D:5      | Reached skill level 3 in Fighting
  6050 | D:5      | Reached skill level 3 in Dodging
  6269 | D:6      | Found a broken altar of Ashenzari.
  6269 | D:6      | Found a hide-covered altar of Uskayaw.
  6275 | D:6      | Reached skill level 1 in Evocations
  6329 | D:6      | Found a glowing silver altar of Zin.
  6329 | D:6      | Found a snail-covered altar of Cheibriados.
  6330 | D:6      | Found a radiant altar of Vehumet.
  6330 | D:6      | Found a hazy altar of Hepliaklqana.
  6523 | D:6      | Reached skill level 2 in Evocations
  6523 | D:6      | Reached XP level 8. HP: 56/69 MP: 11/11
  6722 | D:6      | Became a worshipper of Cheibriados the Contemplative
  6747 | D:6      | Found a staircase to the Ecumenical Temple.
  6756 | D:6      | Reached skill level 4 in Dodging
  6960 | D:6      | Reached skill level 3 in Evocations
  6965 | D:6      | Reached skill level 7 in Air Magic
  7411 | D:6      | Reached skill level 4 in Evocations
  8237 | D:7      | Reached skill level 8 in Air Magic
  8327 | D:7      | Reached XP level 9. HP: 75/75 MP: 11/12
  8553 | D:7      | Reached skill level 9 in Air Magic
  8555 | D:7      | Reached * piety under Cheibriados
  8659 | D:7      | Reached skill level 1 in Invocations
  8803 | D:7      | Noticed Maggie
  8806 | D:7      | Killed Maggie
  8807 | D:7      | Reached skill level 4 in Fighting
  8807 | D:7      | Reached skill level 3 in Spellcasting
  8807 | D:7      | Reached skill level 2 in Invocations
  8916 | D:7      | Reached skill level 5 in Fighting
  8933 | D:7      | Noticed Joseph
  8936 | D:7      | Killed Joseph
  8937 | D:7      | Reached skill level 4 in Spellcasting
  8937 | D:7      | Reached skill level 4 in Invocations
  9484 | D:7      | Reached skill level 1 in Armour
  9653 | D:8      | Reached XP level 10. HP: 81/88 MP: 16/16
  9680 | D:8      | Reached ** piety under Cheibriados
  9681 | D:8      | Reached skill level 3 in Conjurations
  9686 | D:8      | Reached skill level 2 in Armour
  9686 | D:8      | Reached skill level 5 in Invocations
  9772 | D:8      | Found a staircase to the Lair.
 10050 | D:8      | Learned a level 2 spell: Poisonous Vapours
 10065 | D:8      | Reached *** piety under Cheibriados
 10108 | D:8      | Found an ancient bone altar of Kikubaaqudgha.
 10939 | D:9      | Reached skill level 4 in Conjurations
 11175 | D:9      | Reached skill level 3 in Armour
 11183 | D:9      | Reached skill level 6 in Invocations
 11243 | D:9      | Noticed a kobold demonologist
 11258 | D:9      | Killed a kobold demonologist
 11259 | D:9      | Reached skill level 10 in Air Magic
 11873 | D:10     | Entered Level 10 of the Dungeon
 12029 | D:10     | Reached skill level 7 in Invocations
 12371 | D:10     | Reached skill level 11 in Air Magic
 12371 | D:10     | Reached XP level 11. HP: 94/94 MP: 13/17
 12483 | D:10     | Identified the +10 falchion "Faf Zeni" {antimagic, rC+}
 12507 | D:10     | You fall into a shaft and drop 3 floors!
 12514 | D:13     | Noticed a centaur warrior
 12519 | D:13     | a centaur warrior changed into a warg
 12820 | D:13     | Noticed a boulder beetle
 12824 | D:13     | a boulder beetle changed into a steam dragon
 12930 | D:11     | Identified the +3 chain mail of Ycuyk {Stlth+}
 13010 | D:11     | HP: 12/141 [snapping turtle (6)]
 13010 | D:11     | Slain by a snapping turtle

Vanquished Creatures
  Joseph (D:7)
  An unseen horror (D:13)
  Maggie (D:7)
  A kobold demonologist (D:9)
  6 trolls
  A hornet (D:9)
  A shadow (D:9)
  2 steam dragons
  A warg (D:13)
  7 water moccasins
  An orc warrior (D:8)
  2 sky beasts
  3 ice beasts
  4 centaurs
  5 wolves (D:8)
  7 bullfrogs
  A kobold brigand (D:8)
  5 scorpions
  6 killer bees (D:9)
  5 howler monkeys
  6 electric eels (D:8)
  2 jellies
  2 orc priests (D:8)
  5 hounds
  Jessica (D:2)
  2 gnoll boudas
  3 iguanas
  3 orc wizards (D:9)
  Robin (D:2)
  8 gnolls
  7 adders
  2 shadow imps
  4 ufetubi
  2 worms
  A dart slug (D:4)
  16 orcs
  7 ball pythons
  5 endoplasms
  3 giant cockroaches
  19 goblins
  10 hobgoblins
  6 jackals
  3 quokkas
  2 bats
  4 frilled lizards
  11 kobolds
  7 rats
203 creatures vanquished.

Table legend: (Time is in decaauts)
 A = Elapsed time spent in this place.
 B = Non-inter-level travel time spent in this place.
 C = Inter-level travel time spent in this place.
 D = Time resting spent in this place.
 E = Time spent auto-exploring this place.
 F = Levels seen in this place.
 G = Mean time per level.
                   A        B        C        D        E       F      G
               +--------+--------+--------+--------+--------+-----+--------+
         Total |  18153 |  17616 |    537 |   1465 |  13837 |  13 | 1396.4 |
       Dungeon |  18153 |  17616 |    537 |   1465 |  13837 |  13 | 1396.4 |
               +--------+--------+--------+--------+--------+-----+--------+

Top non-repeatable levels by time:
     D:6: 2678 daAuts
     D:4: 2446 daAuts
     D:8: 2320 daAuts
     D:9: 2064 daAuts
     D:2: 1921 daAuts
     D:7: 1783 daAuts
     D:1: 1159 daAuts
     D:3: 1080 daAuts
    D:10: 974 daAuts
     D:5: 938 daAuts
    D:13: 510 daAuts
    D:11: 205 daAuts
    D:12: 71 daAuts

Table legend:
 A = Non-vault XP
 B = Vault XP
 C = Vault XP percentage of total XP
 D = Non-vault monster count
 E = Vault monster count
 F = Vault count percentage of total count
                 A         B        C        D         E       F
            +---------+---------+-------+---------+---------+-------
      Total |    7502 |    3061 |  29.0 |     163 |      40 |  19.7
            +---------+---------+-------+---------+---------+-------
        D:1 |      18 |       0 |   0.0 |      12 |       0 |   0.0
        D:2 |      47 |      75 |  61.5 |      21 |      14 |  40.0
        D:3 |      19 |       0 |   0.0 |      10 |       0 |   0.0
        D:4 |     133 |     277 |  67.6 |      24 |       9 |  27.3
        D:5 |     186 |     130 |  41.1 |      10 |       3 |  23.1
        D:6 |    1350 |       0 |   0.0 |      23 |       0 |   0.0
        D:7 |    1543 |     809 |  34.4 |      16 |       2 |  11.1
        D:8 |     758 |    1021 |  57.4 |      23 |       9 |  28.1
        D:9 |    1408 |     749 |  34.7 |      16 |       3 |  15.8
       D:10 |     971 |       0 |   0.0 |       4 |       0 |   0.0
       D:11 |     322 |       0 |   0.0 |       1 |       0 |   0.0
       D:12 |     183 |       0 |   0.0 |       1 |       0 |   0.0
       D:13 |     564 |       0 |   0.0 |       2 |       0 |   0.0
            +---------+---------+-------+---------+---------+-------
